woodfighter, neutral female human Healer ----------- |?%@m)(!*.| ----- |!/![?.!%.+# |...| |*)%)..]@.|# |...| -----------# |...| # |...| # |....#### # |...|####### # -.-|-# ####--------- # # ## ##|.......--- # ### ##.*........| ### # #|.........| # #### # #|.......... ### -.-.- #|...<.....| # |...-#########---.......| ....| --------- |.{.. ----- woodfighter the Rhizotomist Experience level: 1 Strength: 10 Dexterity: 10 Constitution: 15 Intelligence: 10 Wisdom: 14 Charisma: 16 Health: 0(13) Energy: 4(4) Def: 2 Gold: 0 Moves: 661 Dungeon seed: uAMsHueQE88h-NBK Game ID: woodfighter_1507499626 Your Inventory: Amulets w - an uncursed amulet versus poison Weapons a - a +0 scalpel (weapon in hand) Armor e - an uncursed +1 pair of leather gloves (being worn) r - an uncursed +0 pair of speed boots Comestibles j - 6 blessed eucalyptus leaves k - 4 blessed sprigs of wolfsbane l - a blessed clove of garlic m - 7 uncursed apples u - an uncursed lichen corpse Scrolls n - an uncursed scroll of destroy armor s - an uncursed scroll of scare monster t - an uncursed scroll of create monster Spellbooks g - a blessed spellbook of healing h - a blessed spellbook of extra healing i - a blessed spellbook of stone to flesh Potions c - 4 uncursed potions of healing d - 4 uncursed potions of extra healing Rings q - an uncursed ring of poison resistance Wands f - a wand of sleep (0:8) o - a wand of magic missile (0:4) Tools b - an uncursed stethoscope v - an uncursed blindfold A - an uncursed sack Spells and supernatural/magical abilities: Name Level Category Fail Memory h - healing 1 healing 0% 97% x - extra healing 3 healing 98% 97% S - stone to flesh 3 healing 100% 97% W - pray for help -- divine ? -- Your skills at the end: Miscellaneous Skills wands [Basic] Weapon Skills knife [Basic] Spellcasting Skills healing spells [Basic] Final Attributes: You were devoutly aligned. You were poison resistant. You were very stealthy. You are dead. Vanquished creatures: 2 jackals a newt 4 lichens a kobold zombie 8 creatures vanquished. Voluntary challenges: You went without food. You did not adorn yourself with jewelry or accessories. You did not cause conflict. You were not invisible. You did not have reflection. You were not displaced. You were an atheist. You used a wielded weapon 25 times, starting on turn 23. You did not apply a unicorn horn. You did not use plumbed fixtures. You did not drink any magical draughts. You were illiterate. You never genocided any monsters. You never polymorphed an object. You never changed form. You used no wishes. You never split a pudding. You never wrote Elbereth's name. You never violated your personal moral code. Dungeon overview: The Dungeons of Doom: levels 1 to 3 Level 1 a long staircase Level 2 stairs to The Gnomish Mines Level 3 <- You were here a general store, a fountain The Gnomish Mines: Level 3 stairs to The Dungeons of Doom History has recorded: On T:1 you entered the Dungeons of Doom to retrieve the Amulet of Yendor! On T:13 you reached level 2 of The Dungeons of Doom. On T:264 you reached level 3 of The Dungeons of Doom. On T:348 you reached level 1 of The Gnomish Mines. Score breakdown: Gold: 0 ( 0 points) Experience: 1 level ( 0 points) Exploration: 3 levels ( 60 points) Discoveries: 9 items ( 450 points) Variety of kills: 4 monsters ( 200 points) Major goal: (nothing yet) ( 0 points) Survival: died (score multiplied by 3) Total score: 2130 Latest messages: You slash the small mimic. The small mimic is moderately wounded. You slash the small mimic. The small mimic is moderately wounded. You see here a long wand (113 zorkmids). You see here a potion of oil (188 zorkmids). You hack the small mimic. The small mimic is moderately wounded. You slash the small mimic. The small mimic is moderately wounded. The small mimic claws you! You hack the small mimic. The small mimic is moderately wounded. You don't have enough energy to cast that spell. You hack the small mimic. The small mimic is heavily wounded. You slash the small mimic. The small mimic is heavily wounded. You slash the small mimic. The small mimic is horribly wounded. The small mimic claws you! You die... Adjama comes and takes all your possessions. The sack is empty. The sack is empty. Final status: Goodbye woodfighter the Healer, killed by a small mimic... You died in The Dungeons of Doom on dungeon level 3 with 2130 points, and 0 pieces of gold, after 661 moves. You were level 1 with a maximum of 13 hit points when you died.